 Dungeon Crawl Stone Soup version 0.22.0-75-g3901e7991e (webtiles) character file.

65 surkee123 the Charmwright (level 4, -4/34 HPs)
             Began as a Human Skald on Sept 14, 2018.
             Slain by an orc priest
             ... wielding a +0 long sword
              (8 damage)
             ... on level 1 of the Dungeon.
             The game lasted 00:03:58 (1948 turns).

surkee123 the Charmwright (Human Skald)             Turns: 1948, Time: 00:03:58

Health: -4/34      AC:  9    Str: 12    XL:     4   Next: 34%
Magic:  7/7        EV:  6    Int: 13    God:
Gold:   94         SH:  0    Dex: 13    Spells: 6/7 levels left

rFire    . . .     SeeInvis .   a - +0 mace
rCold    . . .     Gourm    .   (no shield)
rNeg     . . .     Faith    .   g - +0 chain mail
rPois    .         Spirit   .   (no helmet)
rElec    .         Reflect  .   h - +0 cloak
rCorr    .         Harm     .   (no gloves)
MR       .....                  (no boots)
Stlth    ..........             (no amulet)
HPRegen  0.11/turn              (no ring)
MPRegen  0.10/turn              (no ring)

@: no status effects
A: no striking features
a: no special abilities


You were on level 1 of the Dungeon.
You were very hungry.

You visited 1 branch of the dungeon, and saw 2 of its levels.

You collected 94 gold pieces.

Inventory:

Hand Weapons
 a - a +0 mace (weapon)
Armour
 b - a +0 leather armour
 g - a +0 chain mail (worn)
 h - a +0 cloak (worn)
Scrolls
 c - a scroll of teleportation {unknown}
 e - a scroll of immolation {unknown}
 f - a scroll of remove curse
 j - 2 scrolls of identify {unknown}
Potions
 i - 2 potions of curing {unknown}
Comestibles
 d - a ration


   Skills:
 + Level 2.7 Fighting
 - Level 2.0 Maces & Flails
 - Level 1.0 Armour
 + Level 2.6 Dodging
 - Level 0.1 Stealth
 * Level 2.4 Unarmed Combat
 - Level 2.0 Spellcasting
 - Level 3.0 Charms


You had 6 spell levels left.
You knew the following spells:

 Your Spells              Type           Power        Failure   Level  Hunger
a - Infusion              Chrm           #...         97%         1    ##.....

Your spell library contained the following spells:

 Spells                   Type           Power        Failure   Level  Hunger
 Song of Slaying          Chrm           #.......     99%         2    ###....
 Shroud of Golubria       Chrm/Tloc      #.........   100%        2    ###....
 Regeneration             Chrm/Necr      #.........   100%        3    ####...
 Spectral Weapon          Hex/Chrm       #.......     100%        3    ####...


Dungeon Overview and Level Annotations

Branches:
Dungeon (2/15)

Altars:


Message History

The orc priest hits you but does no damage.
You hit the orc priest.
The orc priest is severely wounded.
The orc barely misses you. The orc priest barely misses you.
Your chain mail prevents you from hitting the orc priest.
The orc priest is severely wounded.
The orc hits you with a flail.
* * * LOW HITPOINT WARNING * * *
The orc priest hits you but does no damage.
The orc hits you with a flail.
* * * LOW HITPOINT WARNING * * *
You barely miss the orc priest.
The orc priest is severely wounded.
The orc priest hits you but does no damage.
The orc hits you with a flail.
* * * LOW HITPOINT WARNING * * *
You hit the orc priest but do no damage.
The orc priest is severely wounded.
The orc priest hits you with a long sword!
You die...

#.###########..#......######+#
#..............#.#####........
#############........'........
#..#.#####........
#..#.#...'........ ###
#..#.##.##........ #.#
#..#.##.###+#+#..#
#.###########.)#.##.###......#
#.....#.....o@................
#.#...........o#.##.###....#.#
###.#####.##.....#.##.# #.#+##.#
#..................##+###.#....#
#..................#...##.#..###
###.#####.##+#####.....##.#.....
#....................'....####
#.#####......#####...##.### #.#
#......# #...##.#


You could see an orc priest and an orc.

Vanquished Creatures
  An orc priest (D:2)
  An ooze (D:2)
  A worm (D:2)
  2 dart slugs
  An orc (D:1)
  A bat (D:1)
  4 giant cockroaches
  3 goblins
  3 hobgoblins
  3 frilled lizards (D:1)
  2 rats
22 creatures vanquished.

Notes
Turn   | Place    | Note
-------+----------+-------------------------------------------
     0 | D:1      | surkee123 the Human Skald began the quest for the Orb.
     0 | D:1      | Reached XP level 1. HP: 16/16 MP: 3/3
   483 | D:1      | Reached XP level 2. HP: 22/22 MP: 5/5
   493 | D:1      | Reached skill level 1 in Unarmed Combat
  1215 | D:2      | Reached XP level 3. HP: 28/28 MP: 6/6
  1448 | D:2      | Reached XP level 4. HP: 5/34 MP: 7/7
  1948 | D:1      | Slain by an orc priest

Skill      XL: |  1  2  3 |
---------------+----------+-----
Unarmed Combat | 1 2 |  2.4
Fighting       | |  2.7
Maces & Flails | |  2.0
Armour         | |  1.0
Dodging        | |  2.6
Stealth        | |  0.1
Spellcasting   | |  2.0
Charms         | |  3.0

Action                   |  1- 3 |  4- 6 || total
-------------------------+-------+-------++-------
Melee: Mace              |    84 |    20 ||   104
  Use: Scroll            |       |     2 ||     2
 Stab: Sleeping          |     1 |       ||     1
  Eat: Chunk             |     2 |       ||     2
Armor: Leather armour    |    13 |     1 ||    14
       Chain mail        |       |     5 ||     5
Dodge: Dodged            |    59 |    16 ||    75
